 Dungeon Crawl Stone Soup version 0.28-a0-883-gc8d7bad45d (webtiles) character file.

Game seed: 17883759233579383539

7 ytrimaz the Skirmisher (level 1, 0/18 HPs)
             Began as a Demonspawn Fighter on Nov 22, 2021.
             Slain by a jackal (1 damage)
             ... on level 1 of the Dungeon.
             The game lasted 00:00:30 (307 turns).

ytrimaz the Skirmisher (Demonspawn Fighter)          Turns: 307, Time: 00:00:30

Health: 0/18       AC:  6    Str: 16    XL:     1   Next: 91%
Magic:  1/1        EV:  9    Int:  9    God:
Gold:   8          SH:  4    Dex: 12    Spells: 0/0 levels left

rFire   . . .      SeeInvis .   a - +0 war axe
rCold   . . .      Faith    .   c - +0 buckler
rNeg    . . .      Spirit   .   b - +0 scale mail
rPois   .          Reflect  .   (no helmet)
rElec   .          Harm     .   (no cloak)
rCorr   .          Rampage  .   (no gloves)
Will    .....                   (no boots)
Stlth   ..........              (no amulet)
HPRegen 0.06/turn               (no ring)
MPRegen 0.07/turn               (no ring)

@: mighty
A: no striking features
a: no special abilities


You were on level 1 of the Dungeon.
You visited 1 branch of the dungeon, and saw 1 of its levels.

You collected 8 gold pieces.

Inventory:

Hand Weapons
 a - a +0 war axe (weapon)
Armour
 b - a +0 scale mail (worn)
 c - a +0 buckler (worn)
Jewellery
 e - a ring of ice


   Skills:
 + Level 3.1 Fighting
 + Level 1.9 Axes
 + Level 2.8 Armour
 + Level 2.8 Shields


You couldn't memorise any spells.
You didn't know any spells.
Your spell library was empty.

Dungeon Overview and Level Annotations

Branches:
Dungeon (1/15)

Altars:


Message History

Unknown command.
You hit the jackal.
The jackal is heavily wounded.
The jackal barely misses you. The jackal closely misses you.
You hit the jackal.
The jackal is almost dead.
The jackal bites you but does no damage. x2
You closely miss the jackal.
The jackal is almost dead.
The jackal barely misses you. The jackal closely misses you.
Unknown command.
You barely miss the jackal.
The jackal is almost dead.
The jackal bites you.
* * * LOW HITPOINT WARNING * * *
You block the jackal's attack.
You barely miss the jackal.
The jackal is almost dead.
The jackal bites you.
* * * LOW HITPOINT WARNING * * *
The jackal bites you but does no damage.
You completely miss the jackal.
The jackal is almost dead.
The jackal bites you.
* * * LOW HITPOINT WARNING * * *
You block the jackal's attack.
You hit the jackal.
You kill the jackal!
The jackal completely misses you.
Unknown command.
You feel very mighty all of a sudden. The jackal bites you.
* * * LOW HITPOINT WARNING * * *
The jackal bites you but does no damage.
You closely miss the jackal. You block the jackal's attack.
The jackal barely misses you.
You miss the jackal.
The jackal bites you but does no damage.
The jackal bites you.
You die...

........# ##......#
#.......# #.......# .
##.......##...##.
###..###..........
.......h....#....
####.###h#####.#.#
#....###@#####...#
##...........##### #
#..##...##........
...####.##≈≈.≈.#).......
#8......##..............
+........≈≈≈≈≈≈≈........
#8............##........
...#######..####........
## #......##.......)


You could see 2 jackals.

Vanquished Creatures
  A ball python (D:1)
  A hobgoblin (D:1)
  2 jackals (D:1)
  A kobold (D:1)
  A rat (D:1)
6 creatures vanquished.

Notes
Turn   | Place    | Note
-------+----------+-------------------------------------------
     0 | D:1      | ytrimaz the Demonspawn Fighter began the quest for the Orb.
     0 | D:1      | Reached XP level 1. HP: 18/18 MP: 1/1
   307 | D:1      | Slain by a jackal

Illustrated notes

Levels and vault maps discovered:
D:1:      dpeg_arrival_ternary, layout_rooms,
          dreamdust_ecumenical_altar_angels_and_demons, serial_rivers,
          chequers_serial_rivers_micro_a, chequers_serial_rivers_small_b,
          chequers_serial_rivers_micro_d, chequers_serial_rivers_micro_e,
          kennysheep_nondescript

Action                   || total
-------------------------++-------
Melee: War axe           ||    33
  Use: Potion            ||     1
Armor: Scale mail        ||    29
Dodge: Dodged            ||    37
Block: Buckler           ||    13

Table legend: (Time is in decaauts)
 A = Elapsed time spent in this place.
 B = Non-inter-level travel time spent in this place.
 C = Inter-level travel time spent in this place.
 D = Time resting spent in this place.
 E = Time spent auto-exploring this place.
 F = Levels seen in this place.
 G = Mean time per level.
                   A        B        C        D        E       F      G
               +--------+--------+--------+--------+--------+-----+--------+
         Total |    321 |    321 |      0 |    222 |     25 |   1 |  321.0 |
       Dungeon |    321 |    321 |      0 |    222 |     25 |   1 |  321.0 |
               +--------+--------+--------+--------+--------+-----+--------+

Top non-repeatable levels by time:
     D:1: 321 daAuts
